 Dungeon Crawl Stone Soup version 0.18-a0-1-gfac8111 (webtiles) character file.

53 Raultor the Chiller (level 3, -1/21 HPs)
             Began as an Octopode Ice Elementalist on Oct 30, 2015.
             Slain by a quokka (4 damage)
             ... on level 2 of the Dungeon.
             The game lasted 00:04:20 (1791 turns).

Raultor the Chiller (Octopode Ice Elementalist)     Turns: 1791, Time: 00:04:21

Health: -1/21      AC:  1    Str:  7    XL:     3   Next: 87%
Magic:  5/6        EV: 12    Int: 18    God:
Gold:   81         SH:  0    Dex: 12    Spells: 2 memorised, 3 levels left

rFire  . . .     SeeInvis .     e - +1 dagger (venom)
rCold  . . .     Clarity  .     (no shield)
rNeg   . . .     SustAt   .     (helmet restricted)
rPois  .         Gourm    .     (no amulet)
rElec  .         Spirit   .     (no ring)
rCorr  .         Warding  .     (no ring)
rMut   .         Stasis   .     (no ring)
MR     .....                    (no ring)
Stlth  +++.......               (no ring)
                                (no ring)
                                (no ring)
                                (no ring)

@: not resistant to hostile enchantments, fairly stealthy
A: almost no armour, amphibious, 8 rings, constrict 8, camouflage 1, gelatinous
body 1
a: no special abilities


You were on level 2 of the Dungeon.
You were not hungry.

You visited 1 branch of the dungeon, and saw 2 of its levels.

You collected 81 gold pieces.

Inventory:

Hand Weapons
 e - a +1 dagger of venom (weapon)
Scrolls
 d - a scroll of enchant armour {unknown}
 f - 2 scrolls of blinking {unknown}
 g - a scroll of teleportation {unknown}
 i - a scroll of identify {unknown}
 k - a scroll of remove curse {unknown}
Potions
 c - a potion of mutation {unknown}
Books
 a - a book of Frost

   Spells                             Type                      Level
   a - Freeze                         Ice                          1
   b - Throw Frost                    Conjuration/Ice              2
   c - Ozocubu's Armour               Charms/Ice                   3
   d - Throw Icicle                   Conjuration/Ice              4
   e - Summon Ice Beast               Ice/Summoning                4
   f - Condensation Shield            Ice                          4
Comestibles
 b - a bread ration
 h - 4 chunks of flesh
 j - a meat ration
 l - a fruit


   Skills:
 - Level 2.0 Dodging
 - Level 2.6 Stealth
 - Level 2.0 Spellcasting
 - Level 1.0 Conjurations
 + Level 4.6 Ice Magic


You had 3 spell levels left.
You knew the following spells:

 Your Spells              Type           Power        Failure   Level  Hunger
a - Freeze                Ice            ###.         2%          1    #......
b - Throw Frost           Conj/Ice       ##....       12%         2    ###....


Dungeon Overview and Level Annotations

Branches:
Dungeon (2/15)

Altars:
Xom


Innate Abilities, Weirdness & Mutations

You cannot wear most types of armour.
You are amphibious.
You can wear up to eight rings at the same time.
You can use your tentacles to constrict eight enemies at once.
Your skin changes colour to match your surroundings (Stealth).
Your rubbery body absorbs attacks (AC +1).


Message History

A gnoll comes into view. It is wielding a halberd.
The gnoll shouts! x2
You hit the adder.
The adder is poisoned.
The adder is moderately wounded.
You constrict the adder. The adder closely misses you. The adder bites you.
You release your grip on the adder.
A gnoll comes into view.
The quokka bites you. The adder bites you.
* * * LOW HITPOINT WARNING * * *
You kill the adder!
Casting: Freeze
Confirm with . or Enter, or press ? or * to list all spells.
Aiming: Freeze
Press: ? - help, Shift-Dir - straight line, f - quokka
Aim: a quokka You freeze the quokka.
The quokka is lightly wounded.
The quokka bites you.
You die...

#.........# #.........#
#.........# # ........†.#
.. .......g..# ####.#.
..........# .......
......†...###### ##..>..
#######r#......### .......
.......@.........# .......
.................# #######
##########%....## ####
#....### .).# ###.#######
##.#### #.........# #....#
#.........# ####.########
#..[...>..#
#####........###.........#


You could see a gnoll and a quokka.

Vanquished Creatures
  2 adders (D:2)
  2 worms (D:2)
  5 bats
  3 giant cockroaches
  4 goblins (D:1)
  4 hobgoblins
  2 giant newts
  4 kobolds (D:1)
  3 rats
29 creatures vanquished.

Notes
Turn   | Place    | Note
--------------------------------------------------------------
     0 | D:1      | Raultor the Octopode Ice Elementalist began the quest for the Orb.
     0 | D:1      | Reached XP level 1. HP: 11/11 MP: 3/3
   452 | D:1      | Reached XP level 2. HP: 3/17 MP: 3/5
  1415 | D:1      | Reached skill level 4 in Ice Magic
  1439 | D:2      | Learned a level 2 spell: Throw Frost
  1487 | D:2      | Reached XP level 3. HP: 19/21 MP: 6/6
  1690 | D:2      | Found a shimmering altar of Xom.
  1791 | D:2      | Slain by a quokka

Vault maps used:
D:1:      minmay_arrival_three_doors
D:2:      xom_teletrap_fun

Action                   || total
-------------------------++-------
Melee: Unarmed           ||     8
       Dagger            ||    40
 Cast: Freeze            ||    17
 Stab: Sleeping          ||     7
  Eat: Chunk             ||     3
